 Dungeon Crawl Stone Soup version 0.27-a0-1149-g4505690ab0 (webtiles) character file.

Game seed: 13536878184658996634

25 Sobieck the Poker (level 3, 0/28 HPs)
             Began as a Merfolk Gladiator on May 12, 2021.
             Succumbed to an adder's poison
             ... on level 2 of the Dungeon.
             The game lasted 00:01:35 (502 turns).

Sobieck the Poker (Merfolk Gladiator)                Turns: 502, Time: 00:01:36

Health: 0/28       AC:  4    Str: 15    XL:     3   Next: 4%
Magic:  3/3        EV: 10    Int:  7    God:
Gold:   8          SH:  0    Dex: 15    Spells: 2/2 levels left

rFire    . . .     SeeInvis .   a - +0 trident {polearm}
rCold    . . .     Faith    .   (no shield)
rNeg     . . .     Spirit   .   b - +0 leather armour
rPois    .         Reflect  .   c - +0 helmet
rElec    .         Harm     .   (no cloak)
rCorr    .         Rampage  .   (no gloves)
Will     .....                  (no boots)
Stlth    +.........             (no amulet)
HPRegen  0.09/turn              (no ring)
MPRegen  0.08/turn              (no ring)

@: lethally poisoned (0 -> -6), constricted
A: (nimble swimmer 2), mertail
a: no special abilities


You were on level 2 of the Dungeon.
You visited 1 branch of the dungeon, and saw 2 of its levels.

You collected 8 gold pieces.


Innate Abilities, Weirdness & Mutations

((You are quick and stealthy near water. (Stealth+, EV+, Speed+++)))
Your lower body shifts to a powerful aquatic tail in water.


   Skills:
 + Level 2.8 Fighting
 + Level 5.0 Polearms
 - Level 2.0 Throwing
 + Level 4.5 Dodging


You had 2 spell levels left.
You didn't know any spells.
Your spell library was empty.

Inventory:

Hand Weapons
 a - a +0 trident (weapon) {polearm}
 f - a +0 short sword of electrocution {short}
   (You took it off a kobold on level 1 of the Dungeon)
Missiles
 d - 3 throwing nets (quivered) {=f!fthrowing}
 g - 9 stones {throwing}
Armour
 b - a +0 leather armour (worn)
 c - a +0 helmet (worn)
Scrolls
 e - a scroll of identify {unknown}

Dungeon Overview and Level Annotations

Branches:
Dungeon (2/15)

Altars:

#.. #.. #.#
#.# #.#
#######.##
#........# ###
#.#####.###.P#
#<# #@#P.. #†#
#S#S#.#.# #.#
#..††...# #.#
#.P#....# #.#
#.## ..## #.#
#.# ## #.# ###
#.#


You could see a ball python.


Message History

The jackal bites you but does no damage. x2
You hit the jackal but do no damage. The jackal barely misses you.
You hit the jackal but do no damage. The jackal misses you.
The jackal barely misses you.
You closely miss the jackal. The jackal completely misses you.
You barely miss the jackal.
The jackal bites you but does no damage. 😕 HP[+1]
You hit the jackal.
The jackal bites you but does no damage. x2
You hit the jackal.
You kill the jackal! 2 ball pythons and an adder come into view. 😎 HP[+3]
Your hp is fully restored (23).
You reach to attack!
The helpless ball python fails to defend itself.
You puncture the ball python!
You kill the ball python!
The ball python hisses angrily.
You hear an angry hiss.
The adder hisses angrily.
A ball python comes into view.
The adder bites the fungus.
The fungus begins to die.
You reach to attack!
You hit the ball python.
You kill the ball python!
You barely miss the adder. The adder barely misses you.
You miss the adder. The adder bites you but does no damage.
The ball python bites you but does no damage.
The ball python closely misses you.
You closely miss the adder.
A nearby fungus withers and dies.
The adder barely misses you.
The ball python bites you but does no damage.
The ball python misses you. The adder bites you but does no damage.
You puncture the adder! The ball python closely misses you.
The ball python grabs you. The ball python constricts you. The adder bites you.
The ball python bites you but does no damage.
The ball python constricts you. 😕 HP[-3]
You take 3 damage, and now have 20/23 hp.
You escape the ball python's grasp.
The adder bites you.
You are poisoned.
The adder poisons you! 😕 HP[-1]
You take 1 damage, and now have 19/23 hp.
You feel sick. 😕 HP[-1]
You take 1 damage, and now have 18/23 hp.
You barely miss the adder.
You feel sick.
The adder bites you but does no damage. 😮 HP[-1]
You take 1 damage, and now have 17/23 hp.
You are too injured to fight recklessly!
You closely miss the adder.
You feel sick.
You are no longer poisoned.
The adder closely misses you. The adder bites you.
* * * LOW HITPOINT WARNING * * *
You are poisoned.
The adder poisons you! 😨 HP[-6]
You take 6 damage, and now have 11/23 hp.
MASSIVE DAMAGE!! (PAUSE)
You hit the adder but do no damage.
You feel sick. The adder barely misses you. 😨 HP[-1]
You take 1 damage, and now have 10/23 hp.
You closely miss the adder.
You feel sick. The adder barely misses you. 😨 HP[-1]
You take 1 damage, and now have 9/23 hp.
You completely miss the adder.
You feel sick. The adder bites you.
* * * LOW HITPOINT WARNING * * *
You are lethally poisoned!
The adder poisons you!
The adder bites you but does no damage. 😨 HP[-3]
You take 3 damage, and now have 6/23 hp.
You hit the adder.
You kill the adder!
* * * LOW HITPOINT WARNING * * *
You feel sick.
The ball python bites you but does no damage.
The ball python grabs you. The ball python constricts you.
Your Polearms skill increases to level 5!
You have reached level 3!
Your experience leads to an increase in your attributes!
Increase (S)trength, (I)ntelligence, or (D)exterity?
You feel stronger. 😱 HP[-1] MP[+1]
You now have 28 max hp (+5).
Your mp is fully restored (3).
Okay, then.
You aren't carrying any potions.
There is a lethal amount of poison in your body!
You barely miss the ball python.
* * * LOW HITPOINT WARNING * * *
You feel sick. The ball python bites you.
* * * LOW HITPOINT WARNING * * *
The ball python constricts you. 😱 HP[-3]
You take 3 damage, and now have 2/28 hp.
You barely miss the ball python.
You die...

Skill      XL: |  1  2 |
---------------+-------+-----
Polearms       | 5 |  5.0
Fighting       | |  2.8
Throwing       | |  2.0
Dodging        | |  4.5

Action                   || total
-------------------------++-------
Melee: Trident           ||    53
 Stab: Sleeping          ||     1
Armor: Leather armour    ||    18
Dodge: Dodged            ||    47

Levels and vault maps discovered:
D:1:      dpeg_arrival_renting, layout_basic, minmay_ruptured
D:2:      layout_loops_ring, hellmonk_ecumenical_altar_slurped_away,
          serial_bayou_pond_c, grunt_ministairs_13, minmay_shallow_snake_nest

Notes
Turn   | Place    | Note
-------+----------+-------------------------------------------
     0 | D:1      | Sobieck the Merfolk Gladiator began the quest for the Orb.
     0 | D:1      | Reached XP level 1. HP: 16/16 MP: 1/1
     0 | D:1      | magus.rc [v1.9.6]
   407 | D:1      | Reached XP level 2. HP: 23/23 MP: 2/2
   500 | D:2      | HP: 4/23 [poisoned by an adder]
   501 | D:2      | Reached skill level 5 in Polearms
   501 | D:2      | Reached XP level 3. HP: 5/28 MP: 3/3
   502 | D:2      | Succumbed to an adder's poison

Vanquished Creatures
  An adder (D:2)
  3 ball pythons
  An endoplasm (D:1)
  A giant cockroach (D:1)
  2 goblins (D:1)
  A hobgoblin (D:1)
  3 jackals (D:2)
  2 kobolds (D:1)
14 creatures vanquished.

Vanquished Creatures (others)
  A fungus (D:2)
1 creature vanquished.

Grand Total: 15 creatures vanquished

Table legend:
 A = Non-vault XP
 B = Vault XP
 C = Vault XP percentage of total XP
 D = Non-vault monster count
 E = Vault monster count
 F = Vault count percentage of total count
                 A         B        C        D         E       F
            +---------+---------+-------+---------+---------+-------
      Total |      21 |      15 |  41.7 |      11 |       3 |  21.4
            +---------+---------+-------+---------+---------+-------
        D:1 |      15 |       0 |   0.0 |       8 |       0 |   0.0
        D:2 |       6 |      15 |  71.4 |       3 |       3 |  50.0
            +---------+---------+-------+---------+---------+-------

Illustrated notes

Table legend:
 A = Kills in this place as a percentage of kills in entire the game.
 B = Kills by you in this place as a percentage of kills by you in the entire game.
 C = Kills by friends in this place as a percentage of kills by friends in the entire game.
 D = Other kills in this place as a percentage of other kills in the entire game.
 E = Experience gained in this place as a percentage of experience gained in the entire game.
 F = Experience gained in this place divided by the number of levels of this place that you have seen.
                   A       B       C       D       E      F
               +-------+-------+-------+-------+-------+----------------------
         Total | 100.0 | 100.0 |   N/A |   N/A | 100.0 |  18.0
       Dungeon | 100.0 | 100.0 |   N/A |   N/A | 100.0 |  18.0
               +-------+-------+-------+-------+-------+----------------------

Table legend: (Time is in decaauts)
 A = Elapsed time spent in this place.
 B = Non-inter-level travel time spent in this place.
 C = Inter-level travel time spent in this place.
 D = Time resting spent in this place.
 E = Time spent auto-exploring this place.
 F = Levels seen in this place.
 G = Mean time per level.
                   A        B        C        D        E       F      G
               +--------+--------+--------+--------+--------+-----+--------+
         Total |    504 |    498 |      6 |    279 |    115 |   2 |  252.0 |
       Dungeon |    504 |    498 |      6 |    279 |    115 |   2 |  252.0 |
               +--------+--------+--------+--------+--------+-----+--------+

Top non-repeatable levels by time:
     D:1: 416 daAuts
     D:2: 88 daAuts
